Map: Defender's Landing LE

Players

Semper

  • Race: Terran Terran
  • Spawn Location: 1:00

Kelazhur - Winner!

  • Race: Terran Terran
  • Spawn Location: 7:00

Event: WCS Jonkoping 2017

VOD

Have the link to the VOD?

Description

Time

  • Played on: June 18, 2017, 11:40 a.m.
  • Length: 11:04

All games in this series

Show
View Real Time Build Order
Export as new Build Order

Semper Terran 

Build Orders: 1/1/1, Cyclone Opening, Bio Tank 

Get SALT Encoding   

  12  0:00  SCV  
  13  0:13  SCV  
  14  0:17  Supply Depot  
  14  0:25  SCV  
  15  0:28  Refinery  
  15  0:39  SCV  
  16  0:45  Barracks  
  16  0:51  SCV  
  16  0:55  Refinery  
  17  1:03  SCV  
  18  1:15  SCV  
  19  1:32  Orbital Command  
  19  1:33  Reaper  
  19  1:36  Factory  
  20  1:50  Supply Depot  
  20  1:58  SCV  
  21  2:05  Reaper  
  22  2:10  SCV  
  23  2:20  Cyclone  
  23  2:22  Starport  
  26  2:23  SCV  
  27  2:32  Supply Depot  
  27  2:36  SCV  
  28  2:37  Barracks Tech Lab  
  28  2:48  SCV  
  29  2:59  Cyclone  
  29  3:00  SCV  
  33  3:06  Supply Depot  
  33  3:12  SCV  
  34  3:24  SCV, Supply Depot  
  35  3:34  Barracks Reactor, Raven  
  36  3:36  SCV  
  36  3:40  Command Center  
  37  3:49  SCV  
  37  3:55  Factory Tech Lab  
  38  4:05  SCV  
  39  4:11  Barracks x2  
  39  4:16  Viking  
  41  4:22  Marine x2  
  41  4:23  Siege Tank  
  46  4:30  SCV  
  47  4:34  Supply Depot  
  47  4:41  Marine x2  
  47  4:42  SCV  
  50  4:52  Orbital Command  
  50  4:57  SCV  
  51  5:00  Barracks Tech Lab x2  
  50  5:10  Refinery  
  50  5:12  Siege Tank  
  53  5:15  SCV  
  53  5:20  Stimpack, Starport Reactor  
  54  5:21  SCV  
  54  5:24  Marine x3  
  58  5:30  SCV  
  58  5:34  Marine  
  58  5:35  Combat Shields  
  60  5:38  Supply Depot  
  59  5:43  SCV x2  
  58  5:55  SCV  
  58  5:58  Siege Tank  
  58  6:02  SCV  
  62  6:06  Marine  
  62  6:07  SCV  
  62  6:11  Supply Depot  
  64  6:19  Marine  
  64  6:20  SCV  
  64  6:22  Viking x2  
  64  6:24  Marine  
  69  6:27  Marine  
  69  6:30  Siege Tank, SCV  
  72  6:35  SCV  
  72  6:36  Marine  
  72  6:43  Marine x2  
  72  6:45  Marine  
  71  6:51  SCV  
  69  6:54  Marine  
  69  6:55  SCV  
  69  7:00  Medivac x2  
  69  7:01  Marine  
  76  7:03  SCV  
  77  7:13  SCV, Engineering Bay x2  
  78  7:21  Marine  
  78  7:22  SCV  
  80  7:29  Siege Tank, Marine  
  83  7:30  Marine x2  
  83  7:32  SCV, Medivac  
  83  7:34  SCV  
  90  7:43  Marine  
  91  7:44  SCV  
  91  7:46  SCV  
  91  7:47  Marine  
  91  7:48  Refinery  
  94  7:57  Command Center  
  94  8:04  Marine x2  
  94  8:05  Marine  
  91  8:08  SCV  
  91  8:10  Marine  
  82  8:13  Siege Tank, Medivac x2  
  82  8:15  SCV  
  86  8:22  Marine x2  
  86  8:23  Marine  
  86  8:28  Marine  
  86  8:31  SCV x2  
  87  8:40  Marine x2  
  87  8:41  Marine  
  90  8:43  SCV  
  90  8:45  Barracks  
  90  8:46  Marine, Barracks  
  90  8:47  SCV  
  90  8:53  Siege Tank  
  90  8:55  Terran Infantry Weapons Level 1  
  93  8:56  Terran Infantry Armor Level 1  
  93  8:58  Marine, SCV  
  94  9:08  Marine, Sensor Tower  
  95  9:11  Marine  
  95  9:15  Orbital Command, SCV  
  97  9:19  Marine, Orbital Command  
  97  9:21  Marine  
  93  9:26  SCV  
  93  9:27  Siege Tank  
  93  9:28  Marine  
  93  9:29  Marine  
  93  9:30  SCV  
  95  9:36  Barracks Reactor  
  95  9:37  Marine  
  96  9:39  Marine  
  96  9:44  Refinery  
  96  9:45  Marine, Refinery  
  97  9:48  Marine x2  
  97  9:50  Sensor Tower  
  97  9:51  SCV x2  
  97  9:52  SCV  
  103  9:58  Marine  
  103  9:59  Siege Tank  
  107  10:04  Armory  
  107  10:07  Supply Depot  
  107  10:14  Marine x2  
  102  10:16  Marine  
  92  10:22  Marine  
  84  10:32  Marine x2  
  84  10:34  Marine  
  85  10:40  Marine  
  56  10:50  SCV  
  56  10:51  Barracks x2  
  57  10:57  Barracks  
  57  10:58  Barracks  
Show
View Real Time Build Order
Export as new Build Order

Kelazhur Terran - Winner!

Build Orders: 1/1/1, Cyclone Opening 

Get SALT Encoding   

  12  0:00  SCV  
  13  0:12  SCV  
  14  0:17  Supply Depot  
  14  0:25  SCV  
  14  0:27  Refinery  
  15  0:38  SCV  
  16  0:44  Barracks  
  16  0:50  SCV  
  16  0:54  Refinery  
  17  1:02  SCV  
  18  1:14  SCV  
  19  1:31  Orbital Command  
  20  1:32  Reaper  
  20  1:35  Factory  
  20  1:47  Supply Depot  
  20  1:56  SCV  
  21  2:05  Reaper  
  22  2:08  SCV  
  23  2:19  Cyclone  
  23  2:21  Starport  
  27  2:22  SCV  
  27  2:30  Supply Depot  
  27  2:35  SCV  
  28  2:37  Barracks Tech Lab  
  28  2:48  SCV  
  29  2:53  Cyclone  
  32  3:00  SCV  
  33  3:08  Banshee  
  33  3:12  SCV  
  37  3:16  Marine  
  35  3:24  SCV  
  35  3:36  SCV  
  36  3:43  Command Center  
  36  3:51  Raven  
  36  3:53  Barracks Reactor  
  36  3:55  SCV  
  39  3:59  Supply Depot  
  39  4:19  SCV  
  39  4:26  Cyclone  
  39  4:29  Marine x2  
  45  4:31  SCV  
  45  4:34  Viking  
  45  4:37  Barracks  
  47  4:54  Marine x2  
  47  4:55  SCV  
  50  5:02  Orbital Command  
  50  5:09  SCV, Barracks  
  51  5:15  Starport Reactor  
  51  5:16  Marine x2  
  51  5:18  Siege Tank  
  51  5:21  SCV  
  57  5:23  Supply Depot  
  57  5:24  Barracks Tech Lab  
  57  5:31  SCV  
  57  5:33  SCV  
  57  5:34  Marine x2  
  61  5:47  Marine  
  62  5:50  Siege Tank  
  62  5:54  Viking x2  
  62  5:55  SCV  
  62  5:56  SCV  
  68  6:07  Marine x2  
  68  6:08  Stimpack  
  70  6:16  Supply Depot  
  70  6:18  Marine x2  
  70  6:19  SCV, Supply Depot  
  70  6:24  Marine  
  73  6:33  SCV, Marine  
  73  6:36  Marine  
  73  6:37  Marine  
  73  6:38  SCV  
  78  6:42  Marine, Engineering Bay x2, Refinery x2, Supply Depot  
  79  6:49  SCV  
  79  6:51  Marine  
  79  6:54  SCV, Starport Reactor  
  79  6:55  Marine  
  79  7:01  SCV  
  81  7:05  Marine x3  
  81  7:06  Siege Tank, SCV  
  88  7:13  Terran Infantry Armor Level 1, SCV, Terran Infantry Weapons Level 1  
  88  7:15  Marine x2  
  90  7:19  SCV  
  92  7:22  Marine  
  92  7:23  Marine  
  90  7:36  SCV  
  91  7:39  Medivac  
  91  7:42  Supply Depot  
  93  7:44  Supply Depot  
  93  7:45  Supply Depot  
  93  7:50  Missile Turret  
  91  8:06  Siege Tank, Marine x3, Medivac, SCV  
  91  8:08  SCV, Marine  
  89  8:15  Marine  
  89  8:18  SCV  
  90  8:20  SCV  
  90  8:24  Marine x2  
  90  8:25  Marine  
  89  8:27  Medivac  
  89  8:30  SCV  
  89  8:32  SCV  
  89  8:33  Marine  
  94  8:40  Marine  
  95  8:41  Siege Tank, Marine  
  95  8:44  Marine  
  95  8:45  SCV  
  100  8:49  Supply Depot  
  100  8:57  Marine x2  
  102  9:11  Marine, Medivac x2, SCV x2  
  102  9:14  Marine  
  102  9:15  Marine  
  109  9:26  Siege Tank  
  109  9:27  Barracks Tech Lab  
  110  9:32  Supply Depot  
  110  9:34  Armory  
  110  9:39  Supply Depot  
  110  9:53  Marine x4, Medivac  
  110  9:54  SCV x2  
  110  9:55  Supply Depot  
  118  10:00  Marine  
  118  10:02  Supply Depot  
  115  10:15  Marine  
  115  10:20  Marine  
  112  10:22  Marine x3  
  112  10:24  Siege Tank  
  118  10:30  Command Center  
  118  10:31  SCV  
  118  10:33  Marine  
Tags
 
Add a new tag
Caveats
  • Supply blocks, unpowered buildings, or Contaminate may cause inaccurate times.
  • Supply counts are checked every 10 seconds.